 Dungeon Crawl Stone Soup version 0.21.1-1-g345015f (webtiles) character file.

30193 teukkam the Protected (level 13, -1/98 HPs)
             Began as a Gnoll Wanderer on Feb 14, 2018.
             Was a Follower of Kikubaaqudgha.
             Killed from afar by an ice statue (10 damage)
             ... with a shard of ice
             ... in an ice cave.
             The game lasted 00:44:43 (8856 turns).

teukkam the Protected (Gnoll Wanderer)              Turns: 8856, Time: 00:44:43

Health: -1/98      AC: 15    Str: 28    XL:     13   Next: 50%
Magic:  33/33      EV: 18    Int: 20    God:    Kikubaaqudgha [*.....]
Gold:   935        SH:  0    Dex: 21    Spells: 27/27 levels left

rFire    . . .     SeeInvis +   a - +0 war axe (elec)
rCold    . . .     Gourm    .   (no shield)
rNeg     . . .     Faith    .   C - +4 leather armour of Misifeugh {Int-3 Dex+8 SInv}
rPois    .         Spirit   .   m - +1 helmet
rElec    .         Reflect  .   (no cloak)
rCorr    .         Harm     .   G - +1 pair of gloves of the Big Bang {-Cast Regen+ Int+9 Dex-4}
MR       .....     NoCast   +   E - +0 pair of boots
Stlth    ++++......             i - amulet of rage
HPRegen  0.66/turn              v - +5 ring of strength
MPRegen  0.23/turn              B - ring of magical power

@: mighty, berserk cooldown, slowed, very slow
A: distributed training, fangs 1, strong nose
a: Receive Corpses, Renounce Religion, Evoke Berserk Rage


You were in an ice cave.
You worshipped Kikubaaqudgha.
Kikubaaqudgha was aware of your devotion.
You were hungry.

You visited 3 branches of the dungeon, and saw 13 of its levels.
You also visited: Ice Cave.

You collected 935 gold pieces.

Inventory:

Hand Weapons
 a - a +0 war axe of electrocution (weapon)
 b - a +2 shortbow
 h - a +0 club
 k - a +0 dagger
 r - a +0 short sword
 O - a +5 short sword of freezing
Missiles
 g - 142 arrows
 l - 287 stones (quivered)
 o - 50 poisoned needles
 y - 107 sling bullets
 K - 11 tomahawks
Armour
 m - a +1 helmet (worn)
 C - the +4 leather armour of Misifeugh (worn) {Int-3 Dex+8 SInv}
   (You found it on level 5 of the Dungeon)

   It affects your intelligence (-3).
   It affects your dexterity (+8).
   It lets you see invisible.
 E - a +0 pair of boots (worn)
 G - the +1 pair of gloves of the Big Bang (worn) {-Cast Regen+ Int+9 Dex-4}
   (You found it on level 7 of the Dungeon)

   It affects your intelligence (+9).
   It affects your dexterity (-4).
   It prevents spellcasting.
   It increases your rate of regeneration.
Magical Staves
 L - an uncursed staff of death
Jewellery
 i - an amulet of rage (around neck)
 v - a +5 ring of strength (left hand)
 B - a ring of magical power (right hand)
 N - an uncursed ring of fire
Wands
 p - a wand of polymorph (14)
 H - a wand of paralysis (10)
Scrolls
 c - 3 scrolls of teleportation
 e - 6 scrolls of remove curse
 j - 8 scrolls of identify
 s - 4 scrolls of amnesia
 t - a scroll of blinking
 A - a scroll of noise
 F - a scroll of magic mapping
 P - a scroll of enchant weapon {unknown}
Potions
 d - 2 potions of brilliance
 n - a potion of curing
 q - 2 potions of might
 u - 2 potions of agility
Books
 w - Kikubaaqudgha's Grimoire of Black Secrets
   (Kikubaaqudgha gifted it to you in an ice cave)

   Spells                             Type                      Level
   a - Pain                           Necromancy                   1
   b - Corpse Rot                     Necromancy                   2
   c - Sublimation of Blood           Necromancy                   2
   d - Vampiric Draining              Necromancy                   3
 D - a book of Geomancy

   Spells                             Type                      Level
   a - Sandblast                      Earth                        1
   b - Passwall                       Transmutation/Earth          2
   c - Stone Arrow                    Conjuration/Earth            3
   d - Petrify                        Transmutation/Earth          4
   e - Lee's Rapid Deconstruction     Earth                        5
Comestibles
 f - 11 rations


   Skills:
 + Level 8.2 Fighting
 + Level 7.7 Short Blades
 + Level 7.7 Long Blades
 + Level 7.7 Axes
 + Level 7.7 Maces & Flails
 + Level 7.7 Polearms
 + Level 7.7 Staves
 + Level 7.7 Slings
 + Level 9.0 Bows
 + Level 8.2 Crossbows
 + Level 8.2 Throwing
 + Level 11.3 Armour
 + Level 7.7 Dodging
 + Level 8.1 Stealth
 + Level 7.7 Shields
 + Level 7.7 Unarmed Combat
 + Level 7.7 Spellcasting
 + Level 6.4 Conjurations
 + Level 6.4 Hexes
 + Level 6.4 Charms
 + Level 6.4 Summonings
 + Level 6.4 Necromancy
 + Level 6.4 Translocations
 + Level 6.4 Transmutations
 + Level 6.4 Fire Magic
 + Level 6.4 Ice Magic
 + Level 6.4 Air Magic
 + Level 6.4 Earth Magic
 + Level 6.4 Poison Magic
 + Level 8.4 Invocations
 + Level 7.7 Evocations


You had 27 spell levels left.
You didn't know any spells.

Dungeon Overview and Level Annotations

Branches:
Dungeon (10/15)            Temple (1/1) D:4             Orc (2/2) D:10
    Elf (0/3) Orc:2
   Lair: D:8-11

Altars:
Ashenzari
Cheibriados
Dithmenos
Elyvilon
Fedhas
Gozag
Hepliaklqana
Kikubaaqudgha
Makhleb
Nemelex Xobeh
Okawaru
Qazlal
Ru
Sif Muna
Trog
Uskayaw
Vehumet
Wu Jian
Xom
Yredelemnul
Zin
The Shining One

Annotations:
IceCv exclusion: 2 ice statues


Innate Abilities, Weirdness & Mutations

Your experience applies equally to all skills.
You have very sharp teeth.
Your uncanny sense of smell can sniff out nearby items.


Message History

The ice statue is severely damaged.
You hit the yak. Lightning courses through the yak! The yak closely misses you.
The ice statue gestures.
The yak gores you but does no damage.
The ice statue gestures.
You slash the ice statue!
The ice statue is almost destroyed.
You hit the yak but do no damage. The yak barely misses you.
The yak gores you but does no damage.
You hit the ice statue.
You bite the ice statue, but do no damage.
The ice statue is almost destroyed.
You barely miss the ice beast. You closely miss the ice beast.
You slash the yak!
You kill the yak!
Kikubaaqudgha accepts your kill. The ice statue gestures at you.
The shard of ice hits you!
You die...
Kikubaaqudgha rasps: "You have failed me!
Welcome... death!"

.... #.....
......
###......
##........
###.......#
#.YY....#
#8@..#
###†.##
##..#####
##...#.####
###.%....##
####...÷##
####..##
###..#
###....#


You could see an ice statue and 2 ice beasts.

Vanquished Creatures
  3 two-headed ogres
  The ghost of xccam the Basher, a novice MiBe of Trog (D:8)
  An unseen horror (D:10)
  The ghost of batai666 the Digger, a novice GrEE (D:4)
  6 polar bears (IceCv)
  A troll (Orc:1)
  A hippogriff (D:9)
  7 yaks
  2 hungry ghosts
  A warg (Orc:2)
  A water moccasin (D:9)
  3 sky beasts
  4 orc warriors
  A necrophage (D:6)
  A phantom (D:7)
  6 ogres
  6 wolves (IceCv)
  The ghost of ximkin the Ruffian, an amateur DrTm (D:5)
  A centaur (D:8)
  A big kobold (D:7)
  Blork the orc (D:4)
  2 bullfrogs
  2 scorpions
  9 killer bees
  2 howler monkeys (D:5)
  3 crimson imps
  6 hounds
  7 orc priests
  9 orc wizards
  Jessica (D:2)
  2 iguanas
  8 worker ants
  A killer bee zombie (D:9)
  3 gnolls (D:9)
  13 adders
  2 shadow imps
  12 white imps (Orc:2)
  2 adder skeletons
  A worm (D:4)
  A dart slug (D:1)
  3 leopard geckos
  17 orcs
  A ball python (D:4)
  7 giant cockroaches
  7 goblins
  13 hobgoblins
  10 jackals
  4 quokkas
  8 bats
  9 frilled lizards
  A jackal skeleton (D:4)
  14 kobolds
  A leopard gecko skeleton (D:8)
  6 rats
237 creatures vanquished.

Notes
Turn   | Place    | Note
-------+----------+-------------------------------------------
     0 | D:1      | teukkam the Gnoll Wanderer began the quest for the Orb.
     0 | D:1      | teukkam set off with: a +2 shortbow, 30 arrows, a scroll of teleportation, a +0 ring mail, a ration
     0 | D:1      | Reached XP level 1. HP: 17/17 MP: 1/1
    93 | D:1      | Reached XP level 2. HP: 23/23 MP: 2/2
   703 | D:1      | Reached XP level 3. HP: 28/28 MP: 3/3
   960 | D:2      | Reached skill level 1 in Invocations
  1050 | D:2      | Noticed Jessica
  1053 | D:2      | Reached skill level 1 in Short Blades
  1053 | D:2      | Reached skill level 1 in Long Blades
  1053 | D:2      | Reached skill level 1 in Axes
  1053 | D:2      | Reached skill level 1 in Maces & Flails
  1053 | D:2      | Reached skill level 1 in Polearms
  1053 | D:2      | Reached skill level 1 in Staves
  1053 | D:2      | Reached skill level 1 in Slings
  1053 | D:2      | Reached skill level 1 in Dodging
  1053 | D:2      | Reached skill level 1 in Shields
  1053 | D:2      | Reached skill level 1 in Unarmed Combat
  1053 | D:2      | Reached skill level 1 in Spellcasting
  1053 | D:2      | Reached skill level 1 in Evocations
  1061 | D:2      | Killed Jessica
  1061 | D:2      | Reached XP level 4. HP: 20/34 MP: 5/5
  1422 | D:2      | Reached skill level 1 in Conjurations
  1422 | D:2      | Reached skill level 1 in Hexes
  1422 | D:2      | Reached skill level 1 in Charms
  1422 | D:2      | Reached skill level 1 in Summonings
  1422 | D:2      | Reached skill level 1 in Necromancy
  1422 | D:2      | Reached skill level 1 in Translocations
  1422 | D:2      | Reached skill level 1 in Transmutations
  1422 | D:2      | Reached skill level 1 in Fire Magic
  1422 | D:2      | Reached skill level 1 in Ice Magic
  1422 | D:2      | Reached skill level 1 in Air Magic
  1422 | D:2      | Reached skill level 1 in Earth Magic
  1422 | D:2      | Reached skill level 1 in Poison Magic
  1690 | D:2      | Found an ornate altar of the Wu Jian Council.
  2002 | D:3      | Found a transporter.
  2006 | D:3      | Found a transporter.
  2009 | D:3      | Noticed an orc warrior
  2021 | D:3      | Found an ancient bone altar of Kikubaaqudgha.
  2044 | D:3      | Reached XP level 5. HP: 37/40 MP: 6/6
  2393 | D:3      | Reached XP level 6. HP: 27/47 MP: 8/8
  2802 | D:3      | Killed an orc warrior
  2802 | D:3      | Reached skill level 5 in Bows
  2911 | D:4      | Noticed Blork the orc
  2920 | D:4      | Noticed a hungry ghost
  2928 | D:4      | Killed Blork the orc
  2931 | D:4      | Reached XP level 7. HP: 52/52 MP: 10/10
  2937 | D:4      | Noticed batai666's ghost (novice GrEE)
  3183 | D:4      | Killed a hungry ghost
  3211 | D:4      | Found a staircase to the Ecumenical Temple.
  3251 | D:4      | Killed batai666's ghost
  3251 | D:4      | Reached skill level 9 in Armour
  3251 | D:4      | Reached XP level 8. HP: 60/60 MP: 10/12
  3266 | Temple   | Entered the Ecumenical Temple
  4104 | D:5      | Entered Level 5 of the Dungeon
  4260 | D:5      | Got an ancient leather armour
  4271 | D:5      | Identified the +4 leather armour of Misifeugh {Int-3 Dex+8 SInv} (You found it on level 5 of the Dungeon)
  4274 | D:5      | Learned a level 2 spell: Passwall
  4347 | D:5      | Found a snail-covered altar of Cheibriados.
  4518 | D:5      | Found an iron altar of Okawaru.
  4572 | D:5      | Noticed ximkin's ghost (amateur DrTm)
  4580 | D:5      | Killed ximkin's ghost
  5164 | D:7      | Reached XP level 9. HP: 66/66 MP: 14/14
  5244 | D:7      | Got a pair of faintly humming gloves
  5255 | D:7      | Identified the +1 pair of gloves of the Big Bang {-Cast Regen+ Int+9 Dex-4} (You found it on level 7 of the Dungeon)
  5649 | D:8      | Noticed xccam's ghost (novice MiBe)
  5666 | D:8      | Killed xccam's ghost
  5666 | D:8      | Reached skill level 5 in Fighting
  5666 | D:8      | Reached skill level 5 in Crossbows
  5666 | D:8      | Reached skill level 5 in Throwing
  5819 | D:8      | Found a hazy altar of Hepliaklqana.
  5935 | D:8      | Reached skill level 5 in Stealth
  6032 | D:8      | Noticed a two-headed ogre
  6037 | D:8      | Killed a two-headed ogre
  6037 | D:8      | Reached skill level 5 in Invocations
  6037 | D:8      | Reached XP level 10. HP: 74/74 MP: 17/17
  6338 | D:10     | Entered Level 10 of the Dungeon
  6338 | D:10     | Noticed an unseen horror
  6352 | D:10     | Killed an unseen horror
  6352 | D:10     | Reached skill level 5 in Short Blades
  6352 | D:10     | Reached skill level 5 in Long Blades
  6352 | D:10     | Reached skill level 5 in Axes
  6352 | D:10     | Reached skill level 5 in Maces & Flails
  6352 | D:10     | Reached skill level 5 in Polearms
  6352 | D:10     | Reached skill level 5 in Staves
  6352 | D:10     | Reached skill level 5 in Slings
  6352 | D:10     | Reached skill level 5 in Dodging
  6352 | D:10     | Reached skill level 5 in Shields
  6352 | D:10     | Reached skill level 5 in Unarmed Combat
  6352 | D:10     | Reached skill level 5 in Spellcasting
  6352 | D:10     | Reached skill level 5 in Evocations
  6479 | D:9      | Reached skill level 10 in Armour
  6626 | D:9      | Noticed a two-headed ogre
  6633 | D:9      | Killed a two-headed ogre
  6994 | D:9      | Found a radiant altar of Vehumet.
  7392 | D:10     | Reached XP level 11. HP: 80/82 MP: 19/19
  7709 | D:3      | Became a worshipper of Kikubaaqudgha
  7830 | D:6      | Found a snail-covered altar of Cheibriados.
  8027 | D:6      | Found a sparkling altar of Nemelex Xobeh.
  8027 | D:6      | Found a faded altar of an unknown god.
  8033 | D:6      | Found a sacrificial altar of Ru.
  8035 | D:6      | Found a bloodstained altar of Trog.
  8037 | D:6      | Found a faded altar of an unknown god.
  8276 | D:10     | Noticed a two-headed ogre
  8285 | D:10     | Killed a two-headed ogre
  8317 | D:10     | Found a staircase to the Orcish Mines.
  8342 | Orc:1    | Entered Level 1 of the Orcish Mines
  8387 | Orc:2    | Entered Level 2 of the Orcish Mines
  8425 | Orc:2    | Reached skill level 5 in Conjurations
  8425 | Orc:2    | Reached skill level 5 in Hexes
  8425 | Orc:2    | Reached skill level 5 in Charms
  8425 | Orc:2    | Reached skill level 5 in Summonings
  8425 | Orc:2    | Reached skill level 5 in Necromancy
  8425 | Orc:2    | Reached skill level 5 in Translocations
  8425 | Orc:2    | Reached skill level 5 in Transmutations
  8425 | Orc:2    | Reached skill level 5 in Fire Magic
  8425 | Orc:2    | Reached skill level 5 in Ice Magic
  8425 | Orc:2    | Reached skill level 5 in Air Magic
  8425 | Orc:2    | Reached skill level 5 in Earth Magic
  8425 | Orc:2    | Reached skill level 5 in Poison Magic
  8517 | Orc:2    | Found a frozen archway.
  8545 | IceCv    | Entered an ice cave
  8554 | IceCv    | Reached * piety under Kikubaaqudgha
  8554 | IceCv    | Identified Kikubaaqudgha's Grimoire of Black Secrets (Kikubaaqudgha gifted it to you in an ice cave)
  8554 | IceCv    | Received a gift from Kikubaaqudgha
  8581 | IceCv    | Reached XP level 12. HP: 42/91 MP: 22/22
  8583 | IceCv    | Reached skill level 11 in Armour
  8583 | IceCv    | Reached XP level 13. HP: 43/98 MP: 24/24
  8856 | IceCv    | Killed from afar by an ice statue

Skill      XL: |  1  2  3  4  5  6  7  8  9 10 11 12 13 |
---------------+----------------------------------------+-----
Invocations    | 1 2 3 4 5 6 7 8 |  8.4
Short Blades   | 1 2 3 4 5 6 7 |  7.7
Long Blades    | 1 2 3 4 5 6 7 |  7.7
Axes           | 1 2 3 4 5 6 7 |  7.7
Maces & Flails | 1 2 3 4 5 6 7 |  7.7
Polearms       | 1 2 3 4 5 6 7 |  7.7
Staves         | 1 2 3 4 5 6 7 |  7.7
Slings         | 1 2 3 4 5 6 7 |  7.7
Dodging        | 1 2 3 4 5 6 7 |  7.7
Shields        | 1 2 3 4 5 6 7 |  7.7
Unarmed Combat | 1 2 3 4 5 6 7 |  7.7
Spellcasting   | 1 2 3 4 5 6 7 |  7.7
Evocations     | 1 2 3 4 5 6 7 |  7.7
Conjurations   | 1 2 3 4 5 6 |  6.4
Hexes          | 1 2 3 4 5 6 |  6.4
Charms         | 1 2 3 4 5 6 |  6.4
Summonings     | 1 2 3 4 5 6 |  6.4
Necromancy     | 1 2 3 4 5 6 |  6.4
Translocations | 1 2 3 4 5 6 |  6.4
Transmutations | 1 2 3 4 5 6 |  6.4
Fire Magic     | 1 2 3 4 5 6 |  6.4
Ice Magic      | 1 2 3 4 5 6 |  6.4
Air Magic      | 1 2 3 4 5 6 |  6.4
Earth Magic    | 1 2 3 4 5 6 |  6.4
Poison Magic   | 1 2 3 4 5 6 |  6.4
Fighting       | 3 4 5 6 7 8 |  8.2
Crossbows      | 3 4 5 6 7 8 |  8.2
Throwing       | 3 4 5 6 7 8 |  8.2
Bows           | 5 6 7 8 9 |  9.0
Stealth        | 3 4 5 6 7 8 |  8.1
Armour         | 9 10 11 | 11.3

Action                   |  1- 3 |  4- 6 |  7- 9 | 10-12 | 13-15 || total
-------------------------+-------+-------+-------+-------+-------++-------
Melee: Dagger            |     9 |       |       |       |       ||     9
       Club              |     3 |       |       |       |       ||     3
       Bite              |     4 |     9 |    17 |    34 |     8 ||    72
       Short sword       |    48 |   128 |   181 |   185 |       ||   542
       Punch             |       |       |     4 |    11 |     2 ||    17
       Staff             |       |       |       |     7 |       ||     7
       War axe           |       |       |       |    43 |    59 ||   102
 Fire: Shortbow          |    40 |    44 |    85 |    57 |     2 ||   228
Throw: Stone             |       |     2 |       |     1 |       ||     3
 Abil: Evoke Berserk Rag |       |     2 |     8 |     7 |     1 ||    18
Evoke: Wand              |       |       |     2 |     1 |     1 ||     4
  Use: Scroll            |       |     2 |     1 |    10 |       ||    13
       Potion            |       |       |     4 |     5 |     2 ||    11
 Stab: Sleeping          |       |       |     1 |     7 |     1 ||     9
       Paralysed         |       |       |     2 |     1 |       ||     3
       Distracted        |       |       |     1 |     1 |       ||     2
  Eat: Chunk             |       |     7 |     5 |    13 |     1 ||    26
       Ration            |       |       |     6 |     1 |       ||     7
Armor: Ring mail         |    28 |       |       |       |       ||    28
       Chain mail        |     2 |    92 |    36 |       |       ||   130
       Leather armour    |       |       |    23 |    91 |    48 ||   162
Dodge: Dodged            |    38 |    52 |    86 |   233 |   137 ||   546
